 Dungeon Crawl Stone Soup version 0.29.0-15-g675c0067aa (webtiles) character file.

Game seed: 7280125846473615097

86712 qw the Severer (level 15, 0/217 (223) HPs)
             Began as a Minotaur Berserker on Sept 12, 2022.
             Was a High Priest of Trog.
             Succumbed to an orc warrior's poison
             ... on level 1 of the Orcish Mines.
             The game lasted 00:08:48 (30309 turns).

qw the Severer (Minotaur Berserker)                Turns: 30309, Time: 00:08:48

HP:   0/217 (223)   AC: 23    Str: 29    XL:     15   Next: 41%
MP:   0/14          EV:  7    Int:  4    God:    Trog [*****.]
Gold: 1638          SH: 13    Dex: 10    Spells: 14/14 levels left

rFire   . . .      SeeInvis +   Y - +2 broad axe (vorpal)
rCold   + . .      Faith    .   x - +0 tower shield
rNeg    . . .      Spirit   +   b - +0 plate armour
rPois   .          Reflect  .   (helmet restricted)
rElec   .          Harm     .   j - +0 cloak
rCorr   .          Rampage  +   k - +1 pair of gloves
Will    +++..                   f - +0 pair of boots {rampage}
Stlth   ..........              u - amulet of guardian spirit
HPRegen 1.46/turn               n - ring of protection from cold
MPRegen 0.14/turn               e - ring of see invisible

@: berserking, lethally poisoned (0 -> -12), strong-willed (expiring),
regenerating (expiring), lightly drained, very quick
A: horns 2, retaliatory headbutt
a: Renounce Religion, Berserk, Trog's Hand, Brothers in Arms


You were on level 1 of the Orcish Mines.
You worshipped Trog.
Trog was extremely pleased with you.
You visited 3 branches of the dungeon, and saw 21 of its levels.
You also visited: Sewer.

You collected 1743 gold pieces.
You spent 105 gold pieces at shops.


Innate Abilities, Weirdness & Mutations

You have a pair of horns on your head.
You reflexively headbutt those who attack you in melee.


   Skills:
 - Level 18.0 Fighting
 - Level 18.0 Axes
 - Level 8.0 Throwing
 - Level 16.9 Armour
 - Level 7.0 Dodging
 + Level 7.3 Shields


You had 14 spell levels left.
You didn't know any spells.
Your spell library was empty.

Inventory:

Hand Weapons
 t - a +0 hand axe of flaming
 Y - a +2 vorpal broad axe (weapon)
Missiles
 p - 7 javelins (quivered)
 v - 9 boomerangs
Armour
 b - a +0 plate armour (worn)
 f - a +0 pair of boots of rampaging (worn)
 j - a +0 cloak (worn)
 k - a +1 pair of gloves (worn)
 w - +0 fire dragon scales
 x - a +0 tower shield (worn)
Jewellery
 a - a ring of resist corrosion
 c - a ring of protection from fire
 e - a ring of see invisible (right hand)
 l - a ring of resist corrosion
 n - a ring of protection from cold (left hand)
 q - a ring of positive energy
 u - an amulet of guardian spirit (around neck)
Scrolls
 h - 10 scrolls of identify
 o - 6 scrolls of teleportation
Potions
 d - 4 potions of resistance
 g - 2 potions of might
 i - 13 potions of curing
 m - a potion of cancellation
 r - 3 potions of heal wounds
 s - 3 potions of mutation

Dungeon Overview and Level Annotations

Branches:
Dungeon (15/15)            Temple (0/1) D:4            Lair (5/5) D:9
 Shoals (0/4) Lair:3        Snake (0/4) Lair:2        Slime (0/5) Lair:5
    Orc (1/2) D:10         Vaults (0/5) D:13         Depths (0/4) D:15
  Sewer (visited)

Altars:
Ashenzari
Fedhas
Hepliaklqana
Kikubaaqudgha
Nemelex Xobeh
Okawaru
Qazlal
Trog
Vehumet
Yredelemnul
Jiyva

Shops:
D:1 (   D:12 :   Orc:1 *

Annotations:
D:1 1 runed translucent door
D:3 1 transporter
Lair:2 3 runed translucent doors, qw's ghost, journeyman DsCA; qw's ghost, journeyman MiBe; qw's ghost, journeyman MiFi
Orc:1 2 transporters, Gastronok; tatocazan's ghost, journeyman MiFi


Message History

Beogh smites you! The orange demon stings you from afar!
The orc sorcerer gestures wildly while chanting.
Items here: $ %% )) [[.
You slice the orc sorcerer!!
The orc sorcerer is almost dead.
You slash the orc!
You feel the power of Trog in you as your rage grows.
You kill the orc!
Trog accepts your kill.
You slash the orc!
You kill the orc!
Trog accepts your kill.
You feel very sick.
You hear a shout!
Gastronok waves his eye-stalks in wide circles.
The air twists around and strikes you!! You block the orc warrior's attack.
The orc sorcerer casts a spell at you. The bolt of fire hits you!
You block the orange demon's attack.
You hear a shout!
You slice the orc sorcerer!!
You kill the orc sorcerer!
Trog accepts your kill.
Trog will now gift you melee weapons as you gain piety.
Trog appreciates your killing of a magic user.
The orange demon disappears in a puff of smoke!
You feel very sick.
You rampage towards the orc warlord!
A gnoll comes into view. It is wielding a +0 flail.
You slice the orc warlord!! You headbutt the orc warlord!
The orc warlord is moderately wounded.
You barely miss the orc warrior. You hit the orc priest.
You feel the effects of Trog's Hand fading.
You feel very sick.
The orc warrior hits you with a +2 trident of venom.
You are lethally poisoned!
The orc warrior shoots a bolt.
The bolt hits you!
You barely miss the orc priest.
The orc priest is heavily wounded.
You slash the orc warrior! You slash the orc priest! You slash the orc warlord!
You die...

#.........##...#
###..#.......####
# ##.....#..##.##
##.#.....########
#.......##
##.#....#####
..##....)#.####
.......).))...#g
#......To@o....~¤¤
#........oo4...¤¤¤
.......o....oo#¤¤.
#.........#hogo~¤~
..........##.oo###
..w....... #....
......... ....
......... .##


You could see Gastronok, an orc warlord, an orc knight, a troll, a chaos spawn
(summoned), a warg, an orc sorcerer (strong), 2 orc warriors, 2 orc priests, 2
orc wizards, 2 gnolls and 2 orcs.

Vanquished Creatures
  Kirke (D:12)
  Frances (D:14)
  Azrael (D:13)
  A fire dragon (D:14)
  A vault guard (D:13)
  3 hydras
  A merfolk avatar (Lair:5)
  An ogre mage (D:12)
  Erolcha (D:13)
  4 boulder beetles
  2 catoblepae
  5 centaur warriors
  6 two-headed ogres
  A tengu warrior (D:14)
  8 death yaks
  Urug (D:13)
  A sea snake (Lair:5)
  4 skeletal warriors (D:14)
  A glowing orange brain (D:12)
  4 wizards
  A lindwurm (Lair:3)
  4 necromancers
  A harpy (Lair:5)
  9 ugly things
  4 orc sorcerers
  2 deep elf pyromancers
  A deep elf zephyrmancer (D:15)
  8 cyclopes
  10 manticores
  10 elephants
  3 black mambas
  A centaur zombie (D:15)
  A naga mage (D:15)
  13 cane toads
  Maggie (D:9)
  An unseen horror (D:10)
  A redback zombie (D:15)
  3 demonic crawlers (D:12)
  3 kobold demonologists
  3 tengu conjurers
  2 rime drakes (Lair:5)
  7 komodo dragons
  2 ice devils (Lair:1)
  An efreet (D:10)
  A yaktaur (D:12)
  A merfolk (Lair:3)
  5 polar bears
  Grinder (D:3)
  5 trolls
  A hornet (D:7)
  A slime creature (D:12)
  8 blink frogs
  4 centaur simulacra
  2 shadows
  2 wraiths
  7 fire elementals (D:13)
  23 yaks
  A hog (D:12)
  7 wyverns
  A vampire (D:11)
  4 basilisks
  Eustachio (D:4)
  Grum (D:9)
  3 small abominations (D:12)
  18 humans (D:13)
  2 steam dragons
  6 vampire mosquitoes
  Menkaure (D:4)
  3 wargs (Orc:1)
  2 nagas (Lair:2)
  2 acid dragons
  16 water moccasins
  Duvessa (D:4)
  A floating eye (D:12)
  A hell hound (D:13)
  11 orc warriors
  An ice beast (D:8)
  4 black bears
  8 ogres
  A sky beast (D:8)
  7 centaurs
  A phantom (D:5)
  11 wolves
  6 kobold brigands
  2 gnoll sergeants
  3 necrophages
  10 bullfrogs
  5 scorpions
  A wight (D:8)
  Dowan (D:4)
  3 killer bees (D:9)
  A howler monkey (D:10)
  3 electric eels
  2 jellies (D:6)
  A hound (D:5)
  8 orc priests
  2 gnoll boudas
  3 iguanas
  7 orc wizards
  23 gnolls
  3 adders
  A shadow imp (D:5)
  A white imp (D:5)
  2 worms
  3 dart slugs
  68 orcs
  5 ball pythons
  6 endoplasms
  5 giant cockroaches
  8 goblins
  10 hobgoblins
  3 jackals (D:1)
  38 kobolds
  4 quokkas
  8 bats
  2 frilled lizards
  9 rats
573 creatures vanquished.

Vanquished Creatures (collateral kills)
  2 hydras
  2 death yaks (Lair:5)
4 creatures vanquished.

Vanquished Creatures (others)
  2 humans (D:12)
  An ufetubus (D:5)
  51 fungi
  61 plants
  4 withered plants (Lair:2)
119 creatures vanquished.

Grand Total: 696 creatures vanquished

Notes
Turn   | Place    | Note
-------+----------+-------------------------------------------
     0 | D:1      | qw the Minotaur Berserker began the quest for the Orb.
     0 | D:1      | Reached XP level 1. HP: 19/19 MP: 0/0
     0 | D:1      | 0 ||| qw: Version: 0.1-a-119-g272c26d
     0 | D:1      | 0 ||| qw: Game counter: 10809
     0 | D:1      | 0 ||| qw: Always use a shield: true
     0 | D:1      | 0 ||| qw: Do Orc after D:15 true
     0 | D:1      | 0 ||| qw: Do second Lair branch before Depths: true
     0 | D:1      | 0 ||| qw: Lair rune preference: random
     0 | D:1      | 0 ||| qw: Plans: Normal
     0 | D:1      | 0 ||| PLANNING D:1-11
     0 | D:1      | Noticed a jelly
     1 | D:1      | Found a runed translucent door.
     9 | D:1      | Found Githrug's Weapon Shop.
   277 | D:1      | Reached XP level 2. HP: 25/26 MP: 1/1
   332 | D:1      | 332 ||| Stepping ~*~*~tactically~*~*~ (hiding).
   434 | D:1      | 434 ||| Stepping ~*~*~tactically~*~*~ (hiding).
   577 | D:1      | Found a faded altar of an unknown god.
   977 | D:1      | 977 ||| UPGRADING to +0 pair of gloves.
   982 | D:1      | 982 ||| DROPPING ring of flight.
   983 | D:1      | 983 ||| READING 3 scrolls labelled ROAMOC COMI.
   984 | D:1      | 984 ||| READING scroll labelled XODWOJ BOWAINE.
   985 | D:1      | 985 ||| READING 2 scrolls labelled WODITW KIUSM.
   986 | D:1      | 986 ||| DRINKING 4 purple potions.
   987 | D:1      | 987 ||| DROPPING 2 scrolls of fear.
   995 | D:2      | 995 ||| STAIRDANCE
  1088 | D:2      | 1088 ||| STAIRDANCE
  1091 | D:1      | Reached XP level 3. HP: 22/31 MP: 2/2
  1226 | D:2      | 1226 ||| Stepping ~*~*~tactically~*~*~ (stealth).
  1227 | D:2      | 1227 ||| Stepping ~*~*~tactically~*~*~ (stealth).
  1239 | D:2      | 1239 ||| Stepping ~*~*~tactically~*~*~ (stealth).
  1284 | D:2      | 1284 ||| INVOKING Berserk.
  1502 | D:2      | 1502 ||| Stepping ~*~*~tactically~*~*~ (stealth).
  1503 | D:2      | 1503 ||| Stepping ~*~*~tactically~*~*~ (hiding).
  1506 | D:2      | 1506 ||| Stepping ~*~*~tactically~*~*~ (hiding).
  1517 | D:2      | Reached ** piety under Trog
  1672 | D:2      | 1672 ||| INVOKING Berserk.
  1677 | D:2      | Reached skill level 6 in Axes
  1677 | D:2      | Reached XP level 4. HP: 36/39 MP: 3/3
  1737 | D:2      | 1737 ||| FLEEEEING.
  1744 | D:2      | 1744 ||| STAIRDANCE
  1871 | D:1      | 1871 ||| UPGRADING to +0 ring mail.
  1881 | D:1      | 1881 ||| DROPPING +0 animal skin.
  1882 | D:1      | 1882 ||| READING scroll labelled NASHIASOTE.
  1883 | D:1      | 1883 ||| DRINKING 3 fizzy ruby potions.
  1921 | D:1      | 1921 ||| READING 2 scrolls of identify.
  1921 | D:1      | 1921 ||| IDENTIFYING sedimented red potion
  1922 | D:1      | 1922 ||| DROPPING potion of ambrosia.
  1923 | D:1      | 1923 ||| DROPPING 2 potions of lignification.
  1984 | D:2      | 1984 ||| DROPPING +0 mace.
  2180 | D:2      | 2180 ||| READING scroll labelled JUANABOSUOG.
  2181 | D:2      | 2181 ||| READING 2 scrolls of identify.
  2181 | D:2      | 2181 ||| IDENTIFYING metallic yellow potion
  2182 | D:2      | 2182 ||| Stepping randomly (stuck).
  2183 | D:2      | 2183 ||| Stepping ~*~*~tactically~*~*~ (cloud).
  2293 | D:3      | 2293 ||| STAIRDANCE
  2295 | D:2      | 2295 ||| INVOKING Berserk.
  2337 | D:3      | 2337 ||| INVOKING Berserk.
  2344 | D:3      | 2344 ||| STAIRDANCE
  2596 | D:3      | 2596 ||| INVOKING Berserk.
  2605 | D:3      | Reached XP level 5. HP: 45/45 MP: 4/4
  2953 | D:3      | 2953 ||| INVOKING Berserk.
  3299 | D:3      | Found a sparkling altar of Nemelex Xobeh.
  3299 | D:3      | Found a transporter.
  3331 | D:3      | Noticed Grinder
  3332 | D:3      | 3332 ||| INVOKING Berserk.
  3340 | D:3      | Killed Grinder
  3341 | D:3      | Reached XP level 6. HP: 52/52 MP: 5/5
  3480 | D:3      | 3480 ||| UPGRADING to +0 pair of boots of rampaging.
  3485 | D:3      | 3485 ||| UPGRADING to +0 chain mail.
  3495 | D:3      | 3495 ||| DROPPING +0 ring mail.
  3496 | D:3      | 3496 ||| UPGRADING to ring of resist corrosion.
  3497 | D:3      | 3497 ||| READING 2 scrolls labelled DOETOW RAUL.
  3500 | D:3      | 3500 ||| READING scroll labelled QYCSE BAOJORGH.
  3501 | D:3      | 3501 ||| READING scroll labelled GIYRUI ZACWIN.
  3502 | D:3      | 3502 ||| DRINKING 3 emerald potions.
  3503 | D:3      | 3503 ||| DRINKING 2 lumpy dark potions.
  3504 | D:3      | 3504 ||| READING 3 scrolls of identify.
  3504 | D:3      | 3504 ||| IDENTIFYING red potion
  3505 | D:3      | 3505 ||| READING 2 scrolls of identify.
  3505 | D:3      | 3505 ||| IDENTIFYING brown potion
  3506 | D:3      | 3506 ||| DROPPING 2 potions of degeneration.
  3507 | D:3      | 3507 ||| DROPPING potion of attraction.
  3508 | D:3      | 3508 ||| DROPPING potion of flight.
  3509 | D:3      | 3509 ||| DROPPING potion of brilliance.
  3561 | D:4      | Noticed Eustachio
  3564 | D:4      | 3564 ||| INVOKING Berserk.
  3579 | D:4      | Killed Eustachio
  3580 | D:4      | Reached XP level 7. HP: 59/59 MP: 6/6
  3584 | D:4      | 3584 ||| Stepping ~*~*~tactically~*~*~ (stealth).
  3584 | D:4      | Found a blossoming altar of Fedhas.
  3588 | D:4      | 3588 ||| Stepping ~*~*~tactically~*~*~ (stealth).
  3589 | D:4      | 3589 ||| Stepping ~*~*~tactically~*~*~ (stealth).
  3717 | D:4      | Found a radiant altar of Vehumet.
  3722 | D:4      | 3722 ||| SWAPPING to +0 war axe of draining.
  3723 | D:4      | 3723 ||| DROPPING +0 hand axe.
  3726 | D:4      | Found a broken altar of Ashenzari.
  3728 | D:4      | Found an iron altar of Okawaru.
  3803 | D:4      | 3803 ||| Stepping ~*~*~tactically~*~*~ (stealth).
  3838 | D:4      | Found a staircase to the Ecumenical Temple.
  3857 | D:4      | Reached skill level 9 in Axes
  3866 | D:4      | Noticed Menkaure
  3869 | D:4      | 3869 ||| INVOKING Berserk.
  3872 | D:4      | Killed Menkaure
  4180 | D:4      | Noticed Dowan
  4181 | D:4      | Noticed Duvessa
  4182 | D:4      | 4182 ||| INVOKING Berserk.
  4185 | D:4      | Killed Duvessa
  4193 | D:4      | Killed Dowan
  4524 | D:4      | 4524 ||| DROPPING +0 flail.
  4532 | D:4      | Reached XP level 8. HP: 69/69 MP: 7/7
  4568 | D:4      | 4568 ||| READING 3 scrolls of identify.
  4568 | D:4      | 4568 ||| IDENTIFYING inky potion
  4667 | D:5      | Entered Level 5 of the Dungeon
  4668 | D:5      | 4668 ||| PLANNING SEWER
  4721 | D:5      | Reached skill level 6 in Fighting
  4722 | D:5      | 4722 ||| INVOKING Berserk.
  4925 | D:5      | Reached skill level 1 in Throwing
  4925 | D:5      | 4925 ||| Stepping ~*~*~tactically~*~*~ (stealth).
  4929 | D:5      | 4929 ||| Stepping ~*~*~tactically~*~*~ (stealth).
  4934 | D:5      | 4934 ||| DRINKING 4 potions of curing.
  4934 | D:5      | 4934 ||| (to cure confusion)
  4974 | D:5      | Found a glowing drain.
  4978 | D:5      | 4978 ||| FLEEEEING.
  4979 | D:5      | 4979 ||| FLEEEEING.
  4980 | D:5      | 4980 ||| FLEEEEING.
  4981 | D:5      | 4981 ||| FLEEEEING.
  4992 | D:5      | 4992 ||| FLEEEEING.
  4993 | D:5      | 4993 ||| FLEEEEING.
  4994 | D:5      | 4994 ||| FLEEEEING.
  4995 | D:5      | 4995 ||| FLEEEEING.
  4996 | D:5      | 4996 ||| FLEEEEING.
  4997 | D:5      | 4997 ||| FLEEEEING.
  4998 | D:5      | 4998 ||| FLEEEEING.
  4999 | D:5      | 4999 ||| FLEEEEING.
  5000 | D:5      | 5000 ||| FLEEEEING.
  5001 | D:5      | 5001 ||| FLEEEEING.
  5002 | D:5      | 5002 ||| FLEEEEING.
  5003 | D:5      | 5003 ||| FLEEEEING.
  5009 | D:5      | 5009 ||| FLEEEEING.
  5010 | D:5      | 5010 ||| FLEEEEING.
  5011 | D:5      | 5011 ||| FLEEEEING.
  5012 | D:5      | 5012 ||| FLEEEEING.
  5013 | D:5      | 5013 ||| FLEEEEING.
  5014 | D:5      | 5014 ||| FLEEEEING.
  5015 | D:5      | 5015 ||| FLEEEEING.
  5016 | D:5      | 5016 ||| FLEEEEING.
  5017 | D:5      | 5017 ||| STAIRDANCE
  5021 | D:5      | 5021 ||| STAIRDANCE
  5029 | D:5      | 5029 ||| STAIRDANCE
  5075 | Sewer    | Entered a sewer
  5249 | Sewer    | Reached *** piety under Trog
  5512 | Sewer    | 5512 ||| DRINKING 3 clear potions.
  5513 | Sewer    | 5513 ||| READING 2 scrolls of identify.
  5513 | Sewer    | 5513 ||| IDENTIFYING green potion
  5514 | Sewer    | 5514 ||| DROPPING potion of invisibility.
  5515 | Sewer    | 5515 ||| DROPPING 2 potions of magic.
  5523 | D:5      | 5523 ||| PLANNING D:1-11
  5591 | D:5      | 5591 ||| Stepping ~*~*~tactically~*~*~ (hiding).
  5600 | D:5      | 5600 ||| INVOKING Berserk.
  5608 | D:5      | Reached skill level 3 in Throwing
  5807 | D:5      | Found a basalt altar of Yredelemnul.
  5931 | D:6      | 5931 ||| INVOKING Berserk.
  5943 | D:6      | 5943 ||| Stepping ~*~*~tactically~*~*~ (stealth).
  5944 | D:6      | 5944 ||| Stepping ~*~*~tactically~*~*~ (stealth).
  5945 | D:6      | 5945 ||| Stepping ~*~*~tactically~*~*~ (stealth).
  5951 | D:6      | 5951 ||| Stepping ~*~*~tactically~*~*~ (stealth).
  5952 | D:6      | 5952 ||| Stepping ~*~*~tactically~*~*~ (stealth).
  6036 | D:6      | 6036 ||| INVOKING Berserk.
  6039 | D:6      | Reached skill level 12 in Axes
  6039 | D:6      | Reached XP level 9. HP: 75/75 MP: 8/8
  6256 | D:6      | 6256 ||| Stepping ~*~*~tactically~*~*~ (hiding).
  6257 | D:6      | 6257 ||| Stepping ~*~*~tactically~*~*~ (hiding).
  6258 | D:6      | 6258 ||| Stepping ~*~*~tactically~*~*~ (hiding).
  6434 | D:6      | Found a stormy altar of Qazlal.
  6515 | D:6      | 6515 ||| Stepping ~*~*~tactically~*~*~ (stealth).
  6516 | D:6      | 6516 ||| INVOKING Berserk.
  6705 | D:6      | 6705 ||| UPGRADING to ring of see invisible.
  6706 | D:6      | 6706 ||| READING 2 scrolls labelled LUHAGOS RUCUC.
  6707 | D:6      | 6707 ||| READING scroll of enchant weapon.
  6707 | D:6      | 6707 ||| ENCHANTING +1 war axe of draining.
  6708 | D:6      | 6708 ||| READING 2 scrolls labelled TAVUIN KEICE.
  6872 | D:6      | 6872 ||| DROPPING scroll of torment.
  6945 | D:7      | 6945 ||| INVOKING Berserk.
  7165 | D:7      | Noticed a two-headed ogre
  7170 | D:7      | 7170 ||| INVOKING Berserk.
  7173 | D:7      | HP: 25/118 [two-headed ogre/+0 giant spiked club (21)]
  7174 | D:7      | Killed a two-headed ogre
  7610 | D:7      | Identified the +4 flail of Red Wine {venom, rC+}
  7612 | D:7      | 7612 ||| DROPPING +1 vorpal flail.
  7716 | D:7      | Paralysed by a hornet for 2 turns
  8148 | D:7      | 8148 ||| READING scroll labelled YWUDGH HUTYTU.
  8149 | D:7      | 8149 ||| READING scroll labelled WAWEOPL ONAT.
  8192 | D:8      | 8192 ||| INVOKING Berserk.
  8197 | D:8      | Reached skill level 6 in Armour
  8197 | D:8      | Reached XP level 10. HP: 88/88 MP: 9/9
  8257 | D:8      | 8257 ||| FLEEEEING.
  8258 | D:8      | 8258 ||| FLEEEEING.
  8259 | D:8      | 8259 ||| FLEEEEING.
  8260 | D:8      | 8260 ||| STAIRDANCE
  8319 | D:8      | 8319 ||| STAIRDANCE
  8430 | D:8      | 8430 ||| FLEEEEING.
  8431 | D:8      | 8431 ||| FLEEEEING.
  8432 | D:8      | 8432 ||| FLEEEEING.
  8433 | D:8      | 8433 ||| FLEEEEING.
  8434 | D:8      | 8434 ||| FLEEEEING.
  8435 | D:8      | 8435 ||| FLEEEEING.
  8472 | D:8      | 8472 ||| Stepping ~*~*~tactically~*~*~ (stealth).
  8473 | D:8      | 8473 ||| Stepping ~*~*~tactically~*~*~ (stealth).
  8508 | D:8      | 8508 ||| Stepping ~*~*~tactically~*~*~ (hiding).
  8517 | D:8      | Reached skill level 15 in Axes
  8519 | D:8      | 8519 ||| INVOKING Berserk.
  8520 | D:8      | Reached **** piety under Trog
  8584 | D:8      | 8584 ||| Stepping ~*~*~tactically~*~*~ (stealth).
  8601 | D:8      | 8601 ||| FLEEEEING.
  8602 | D:8      | 8602 ||| FLEEEEING.
  8603 | D:8      | 8603 ||| FLEEEEING.
  8604 | D:8      | 8604 ||| STAIRDANCE
  8651 | D:8      | 8651 ||| READING scroll of enchant armour.
  8651 | D:8      | 8651 ||| ENCHANTING +0 pair of gloves.
  8723 | D:8      | 8723 ||| READING 2 scrolls of identify.
  8723 | D:8      | 8723 ||| IDENTIFYING amethyst potion
  8728 | D:8      | 8728 ||| INVOKING Berserk.
  8733 | D:8      | Reached skill level 9 in Fighting
  9170 | D:8      | 9170 ||| UPGRADING to +0 plate armour.
  9180 | D:8      | 9180 ||| DROPPING +0 chain mail.
  9323 | D:9      | 9323 ||| Stepping ~*~*~tactically~*~*~ (hiding).
  9324 | D:9      | 9324 ||| Stepping ~*~*~tactically~*~*~ (hiding).
  9326 | D:9      | 9326 ||| Stepping ~*~*~tactically~*~*~ (hiding).
  9347 | D:9      | 9347 ||| FLEEEEING.
  9352 | D:9      | Found a bloodstained altar of Trog.
  9355 | D:9      | 9355 ||| FLEEEEING.
  9356 | D:9      | 9356 ||| FLEEEEING.
  9357 | D:9      | 9357 ||| STAIRDANCE
  9506 | D:9      | 9506 ||| STAIRDANCE
  9593 | D:9      | 9593 ||| INVOKING Berserk.
  9685 | D:9      | Noticed Grum
  9688 | D:9      | 9688 ||| INVOKING Berserk.
  9697 | D:9      | Killed Grum
  9748 | D:9      | 9748 ||| INVOKING Berserk.
  9760 | D:9      | 9760 ||| Stepping ~*~*~tactically~*~*~ (hiding).
  9764 | D:9      | 9764 ||| Stepping ~*~*~tactically~*~*~ (stealth).
  9783 | D:9      | 9783 ||| Stepping ~*~*~tactically~*~*~ (stealth).
  9814 | D:9      | 9814 ||| SWAPPING to +0 broad axe.
  9815 | D:9      | 9815 ||| DROPPING +2 war axe of draining.
  9846 | D:9      | Noticed a cyclops
  9853 | D:9      | 9853 ||| INVOKING Berserk.
  9854 | D:9      | Killed a cyclops
  9980 | D:9      | Noticed Maggie
  9987 | D:9      | Killed Maggie
  9990 | D:9      | 9990 ||| SWAPPING to +2 vorpal broad axe.
  9991 | D:9      | 9991 ||| DROPPING +0 broad axe.
 10070 | D:9      | Found a staircase to the Lair.
 10071 | D:9      | 10071 ||| INVOKING Berserk.
 10398 | D:9      | 10398 ||| PLANNING LAIR
 10398 | D:9      | 10398 ||| READING scroll labelled INUMUI NEPLER.
 10435 | Lair:1   | Entered Level 1 of the Lair of Beasts
 10440 | Lair:1   | Noticed a cane toad
 10441 | Lair:1   | Reached skill level 3 in Dodging
 10442 | Lair:1   | Reached XP level 11. HP: 82/97 MP: 10/10
 10444 | Lair:1   | 10444 ||| INVOKING Berserk.
 10664 | Lair:1   | Noticed a boulder beetle
 10667 | Lair:1   | 10667 ||| INVOKING Berserk.
 10674 | Lair:1   | Killed a boulder beetle
 10894 | Lair:1   | 10894 ||| INVOKING Berserk.
 10976 | Lair:1   | 10976 ||| INVOKING Berserk.
 12076 | Lair:1   | 12076 ||| UPGRADING to +0 cloak.
 12081 | Lair:1   | 12081 ||| READING scroll labelled VELOBUTTUO.
 12082 | Lair:1   | 12082 ||| DRINKING 2 fuming emerald potions.
 12187 | Lair:1   | 12187 ||| DROPPING potion of berserk rage.
 12254 | Lair:2   | Found a runed translucent gate.
 12256 | Lair:2   | Found a runed translucent gate.
 12257 | Lair:2   | Found a runed translucent gate.
 12258 | Lair:2   | Noticed qw's ghost (journeyman MiFi)
 12258 | Lair:2   | Noticed qw's ghost (journeyman DsCA)
 12259 | Lair:2   | Noticed qw's ghost (journeyman MiBe)
 12495 | Lair:2   | 12495 ||| INVOKING Berserk.
 12635 | Lair:2   | Reached skill level 9 in Armour
 12832 | Lair:2   | 12832 ||| INVOKING Berserk.
 12912 | Lair:2   | 12912 ||| Stepping ~*~*~tactically~*~*~ (stealth).
 12915 | Lair:2   | 12915 ||| Stepping ~*~*~tactically~*~*~ (stealth).
 12928 | Lair:2   | 12928 ||| INVOKING Berserk.
 13118 | Lair:2   | Found a staircase to the Snake Pit.
 13386 | Lair:2   | Noticed a five-headed hydra
 13387 | Lair:2   | 13387 ||| INVOKING Brothers in Arms.
 13388 | Lair:2   | 13388 ||| SWAPPING to +4 flail of Red Wine {venom, rC+}.
 13389 | Lair:2   | 13389 ||| INVOKING Berserk.
 13395 | Lair:2   | Killed a five-headed hydra
 13455 | Lair:2   | 13455 ||| SWAPPING to +2 vorpal broad axe.
 13465 | Lair:2   | Found a blossoming altar of Fedhas.
 13615 | Lair:2   | Reached skill level 18 in Axes
 13841 | Lair:2   | 13841 ||| UPGRADING to ring of protection from cold.
 13866 | Lair:3   | 13866 ||| INVOKING Berserk.
 13874 | Lair:3   | 13874 ||| STAIRDANCE
 14070 | Lair:3   | 14070 ||| Stepping ~*~*~tactically~*~*~ (stealth).
 14072 | Lair:3   | 14072 ||| Stepping ~*~*~tactically~*~*~ (stealth).
 14084 | Lair:3   | Reached XP level 12. HP: 77/107 MP: 11/11
 14214 | Lair:3   | 14214 ||| Stepping ~*~*~tactically~*~*~ (stealth).
 14218 | Lair:3   | 14218 ||| Stepping ~*~*~tactically~*~*~ (stealth).
 14220 | Lair:3   | 14220 ||| Stepping ~*~*~tactically~*~*~ (stealth).
 14223 | Lair:3   | Noticed a death yak
 14224 | Lair:3   | 14224 ||| Stepping ~*~*~tactically~*~*~ (stealth).
 14246 | Lair:3   | Noticed a four-headed hydra
 14247 | Lair:3   | 14247 ||| INVOKING Brothers in Arms.
 14248 | Lair:3   | 14248 ||| INVOKING Brothers in Arms.
 14249 | Lair:3   | 14249 ||| INVOKING Brothers in Arms.
 14250 | Lair:3   | 14250 ||| INVOKING Brothers in Arms.
 14251 | Lair:3   | 14251 ||| SWAPPING to +4 flail of Red Wine {venom, rC+}.
 14252 | Lair:3   | 14252 ||| INVOKING Berserk.
 14254 | Lair:3   | Killed a four-headed hydra
 14282 | Lair:3   | 14282 ||| SWAPPING to +2 vorpal broad axe.
 14290 | Lair:3   | Noticed a death yak
 14290 | Lair:3   | Noticed a death yak
 14291 | Lair:3   | 14291 ||| Stepping ~*~*~tactically~*~*~ (stealth).
 14293 | Lair:3   | 14293 ||| Stepping ~*~*~tactically~*~*~ (stealth).
 14294 | Lair:3   | 14294 ||| INVOKING Berserk.
 14295 | Lair:3   | Noticed a death yak
 14296 | Lair:3   | Killed a death yak
 14303 | Lair:3   | Killed a death yak
 14305 | Lair:3   | Killed a death yak
 14308 | Lair:3   | Killed a death yak
 14355 | Lair:3   | 14355 ||| FLEEEEING.
 14356 | Lair:3   | 14356 ||| FLEEEEING.
 14357 | Lair:3   | 14357 ||| STAIRDANCE
 14518 | Lair:3   | Reached skill level 12 in Fighting
 14522 | Lair:3   | 14522 ||| Stepping ~*~*~tactically~*~*~ (stealth).
 14523 | Lair:3   | 14523 ||| Stepping ~*~*~tactically~*~*~ (stealth).
 14524 | Lair:3   | 14524 ||| Stepping ~*~*~tactically~*~*~ (stealth).
 14532 | Lair:3   | 14532 ||| Stepping ~*~*~tactically~*~*~ (stealth).
 15129 | Lair:3   | Found a staircase to the Shoals.
 15424 | Lair:3   | 15424 ||| INVOKING Berserk.
 15787 | Lair:3   | 15787 ||| Stepping ~*~*~tactically~*~*~ (stealth).
 15792 | Lair:3   | Reached skill level 12 in Armour
 15939 | Lair:4   | 15939 ||| INVOKING Berserk.
 16197 | Lair:4   | 16197 ||| Stepping ~*~*~tactically~*~*~ (stealth).
 16199 | Lair:4   | 16199 ||| Stepping ~*~*~tactically~*~*~ (stealth).
 16202 | Lair:4   | 16202 ||| Stepping ~*~*~tactically~*~*~ (stealth).
 16203 | Lair:4   | 16203 ||| INVOKING Berserk.
 16802 | Lair:4   | You fall into a shaft and drop 1 floor!
 16802 | Lair:5   | Entered Level 5 of the Lair of Beasts
 16831 | Lair:5   | Noticed an eight-headed hydra
 16833 | Lair:5   | 16833 ||| INVOKING Brothers in Arms.
 16834 | Lair:5   | 16834 ||| INVOKING Brothers in Arms.
 16835 | Lair:5   | 16835 ||| SWAPPING to +4 flail of Red Wine {venom, rC+}.
 16836 | Lair:5   | 16836 ||| INVOKING Berserk.
 16838 | Lair:5   | Killed an eight-headed hydra
 16841 | Lair:5   | Noticed a death yak
 16847 | Lair:5   | 16847 ||| SWAPPING to +2 vorpal broad axe.
 16849 | Lair:5   | Killed a death yak
 16853 | Lair:5   | Noticed a death yak
 16854 | Lair:5   | Noticed a death yak
 16854 | Lair:5   | Noticed a death yak
 16855 | Lair:5   | Noticed a death yak
 16855 | Lair:5   | Noticed a death yak
 16859 | Lair:5   | Killed a death yak
 16860 | Lair:5   | Noticed a catoblepas
 16861 | Lair:5   | Killed a death yak
 16863 | Lair:5   | Killed a death yak
 16863 | Lair:5   | Killed a death yak
 16864 | Lair:5   | Reached skill level 6 in Throwing
 16864 | Lair:5   | Reached XP level 13. HP: 54/122 MP: 12/12
 16870 | Lair:5   | 16870 ||| Stepping ~*~*~tactically~*~*~ (cloud).
 16883 | Lair:5   | HP: 30/122 [poisoned by a cane toad]
 16888 | Lair:5   | HP: 25/122 [poisoned by a cane toad]
 16896 | Lair:5   | 16896 ||| DRINKING potion of heal wounds.
 16900 | Lair:5   | 16900 ||| INVOKING Berserk.
 16913 | Lair:5   | HP: 30/122 [manticore (3)]
 16914 | Lair:5   | 16914 ||| READING 5 scrolls of teleportation.
 16914 | Lair:5   | HP: 14/122 [manticore (2)]
 16918 | Lair:5   | 16918 ||| READING 4 scrolls of teleportation.
 16918 | Lair:5   | HP: 1/122 [wyvern (7)]
 17370 | Lair:5   | 17370 ||| INVOKING Berserk.
 17575 | Lair:5   | 17575 ||| INVOKING Berserk.
 17606 | Lair:5   | 17606 ||| FLEEEEING.
 17607 | Lair:5   | 17607 ||| FLEEEEING.
 17612 | Lair:5   | 17612 ||| FLEEEEING.
 17613 | Lair:5   | 17613 ||| STAIRDANCE
 17915 | Lair:5   | 17915 ||| Stepping ~*~*~tactically~*~*~ (cloud).
 17917 | Lair:5   | 17917 ||| INVOKING Berserk.
 17939 | Lair:5   | 17939 ||| FLEEEEING.
 17940 | Lair:5   | 17940 ||| STAIRDANCE
 18051 | Lair:5   | 18051 ||| STAIRDANCE
 18410 | Lair:5   | 18410 ||| FLEEEEING.
 18411 | Lair:5   | 18411 ||| FLEEEEING.
 18412 | Lair:5   | 18412 ||| FLEEEEING.
 18413 | Lair:5   | 18413 ||| FLEEEEING.
 18414 | Lair:5   | 18414 ||| FLEEEEING.
 18415 | Lair:5   | 18415 ||| FLEEEEING.
 18416 | Lair:5   | 18416 ||| FLEEEEING.
 18417 | Lair:5   | 18417 ||| FLEEEEING.
 18418 | Lair:5   | 18418 ||| FLEEEEING.
 18425 | Lair:5   | 18425 ||| INVOKING Berserk.
 18436 | Lair:5   | Reached skill level 15 in Fighting
 18580 | Lair:5   | Identified the +2 robe of the Unbroken {Dex+2}
 18641 | Lair:5   | Found a staircase to the Slime Pits.
 18642 | Lair:5   | Found a viscous altar of Jiyva.
 18687 | Lair:5   | 18687 ||| INVOKING Berserk.
 18805 | Lair:5   | 18805 ||| Stepping ~*~*~tactically~*~*~ (stealth).
 18808 | Lair:5   | 18808 ||| Stepping ~*~*~tactically~*~*~ (stealth).
 18920 | Lair:5   | 18920 ||| DROPPING +2 flail of holy wrath.
 19063 | Lair:5   | 19063 ||| INVOKING Berserk.
 19171 | Lair:5   | 19171 ||| PLANNING D:1-11
 19171 | Lair:5   | 19171 ||| READING 6 scrolls of identify.
 19171 | Lair:5   | 19171 ||| IDENTIFYING bubbling orange potion
 19334 | D:10     | Entered Level 10 of the Dungeon
 19382 | D:10     | 19382 ||| Stepping ~*~*~tactically~*~*~ (hiding).
 19508 | D:10     | 19508 ||| Stepping ~*~*~tactically~*~*~ (stealth).
 19510 | D:10     | 19510 ||| Stepping ~*~*~tactically~*~*~ (stealth).
 19512 | D:10     | 19512 ||| Stepping ~*~*~tactically~*~*~ (stealth).
 19616 | D:10     | 19616 ||| DROPPING +4 flail of Red Wine {venom, rC+}.
 19623 | D:10     | 19623 ||| Stepping ~*~*~tactically~*~*~ (stealth).
 19631 | D:10     | 19631 ||| Stepping ~*~*~tactically~*~*~ (stealth).
 19634 | D:10     | 19634 ||| Stepping ~*~*~tactically~*~*~ (stealth).
 19731 | D:10     | 19731 ||| Stepping ~*~*~tactically~*~*~ (stealth).
 19747 | D:10     | Reached skill level 6 in Dodging
 19760 | D:10     | 19760 ||| Stepping ~*~*~tactically~*~*~ (stealth).
 19762 | D:10     | 19762 ||| Stepping ~*~*~tactically~*~*~ (stealth).
 19935 | D:10     | 19935 ||| FLEEEEING.
 19937 | D:10     | 19937 ||| FLEEEEING.
 19938 | D:10     | 19938 ||| FLEEEEING.
 19940 | D:10     | 19940 ||| FLEEEEING.
 19941 | D:10     | 19941 ||| FLEEEEING.
 19942 | D:10     | 19942 ||| FLEEEEING.
 19943 | D:10     | 19943 ||| FLEEEEING.
 19944 | D:10     | 19944 ||| FLEEEEING.
 19945 | D:10     | 19945 ||| FLEEEEING.
 20343 | D:10     | Found a staircase to the Orcish Mines.
 20892 | D:11     | 20892 ||| INVOKING Brothers in Arms.
 20894 | D:11     | 20894 ||| SWAPPING to +0 hand axe of flaming.
 20895 | D:11     | 20895 ||| INVOKING Berserk.
 20902 | D:11     | 20902 ||| SWAPPING to +2 vorpal broad axe.
 21050 | D:11     | 21050 ||| FLEEEEING.
 21051 | D:11     | 21051 ||| FLEEEEING.
 21052 | D:11     | 21052 ||| FLEEEEING.
 21053 | D:11     | 21053 ||| FLEEEEING.
 21054 | D:11     | 21054 ||| FLEEEEING.
 21055 | D:11     | 21055 ||| FLEEEEING.
 21056 | D:11     | 21056 ||| FLEEEEING.
 21057 | D:11     | 21057 ||| FLEEEEING.
 21058 | D:11     | 21058 ||| FLEEEEING.
 21068 | D:11     | 21068 ||| FLEEEEING.
 21077 | D:11     | 21077 ||| Stepping ~*~*~tactically~*~*~ (hiding).
 21088 | D:11     | Reached XP level 14. HP: 109/137 MP: 13/13
 21327 | D:11     | 21327 ||| INVOKING Berserk.
 21887 | D:11     | 21887 ||| PLANNING D
 21990 | D:12     | 21990 ||| Stepping ~*~*~tactically~*~*~ (hiding).
 21991 | D:12     | 21991 ||| Stepping ~*~*~tactically~*~*~ (hiding).
 22105 | D:12     | 22105 ||| Stepping ~*~*~tactically~*~*~ (hiding).
 22121 | D:12     | 22121 ||| Stepping ~*~*~tactically~*~*~ (stealth).
 22124 | D:12     | 22124 ||| FLEEEEING.
 22125 | D:12     | 22125 ||| FLEEEEING.
 22126 | D:12     | 22126 ||| FLEEEEING.
 22127 | D:12     | 22127 ||| STAIRDANCE
 22406 | D:11     | 22406 ||| READING scroll labelled WOMATOAJAR.
 22509 | D:12     | 22509 ||| STAIRDANCE
 22585 | D:12     | Noticed Kirke
 22586 | D:12     | 22586 ||| INVOKING Trog's Hand.
 22591 | D:12     | 22591 ||| INVOKING Berserk.
 22598 | D:12     | Killed Kirke
 22734 | D:12     | 22734 ||| FLEEEEING.
 22735 | D:12     | 22735 ||| FLEEEEING.
 22736 | D:12     | 22736 ||| FLEEEEING.
 22737 | D:12     | 22737 ||| FLEEEEING.
 22738 | D:12     | 22738 ||| FLEEEEING.
 22739 | D:12     | 22739 ||| FLEEEEING.
 22740 | D:12     | 22740 ||| FLEEEEING.
 22741 | D:12     | 22741 ||| FLEEEEING.
 22756 | D:12     | 22756 ||| FLEEEEING.
 22757 | D:12     | 22757 ||| FLEEEEING.
 22766 | D:12     | 22766 ||| STAIRDANCE
 22835 | D:12     | Reached skill level 15 in Armour
 22847 | D:12     | Reached ***** piety under Trog
 22851 | D:12     | 22851 ||| FLEEEEING.
 22852 | D:12     | 22852 ||| FLEEEEING.
 22853 | D:12     | 22853 ||| FLEEEEING.
 22854 | D:12     | 22854 ||| FLEEEEING.
 22855 | D:12     | 22855 ||| FLEEEEING.
 22856 | D:12     | 22856 ||| FLEEEEING.
 22983 | D:12     | 22983 ||| INVOKING Trog's Hand.
 23015 | D:12     | 23015 ||| FLEEEEING.
 23016 | D:12     | 23016 ||| FLEEEEING.
 23017 | D:12     | 23017 ||| FLEEEEING.
 23018 | D:12     | 23018 ||| FLEEEEING.
 23019 | D:12     | 23019 ||| FLEEEEING.
 23020 | D:12     | 23020 ||| FLEEEEING.
 23021 | D:12     | 23021 ||| FLEEEEING.
 23022 | D:12     | 23022 ||| FLEEEEING.
 23023 | D:12     | 23023 ||| FLEEEEING.
 23024 | D:12     | 23024 ||| FLEEEEING.
 23025 | D:12     | 23025 ||| FLEEEEING.
 23026 | D:12     | 23026 ||| FLEEEEING.
 23027 | D:12     | 23027 ||| FLEEEEING.
 23028 | D:12     | 23028 ||| FLEEEEING.
 23029 | D:12     | 23029 ||| FLEEEEING.
 23030 | D:12     | 23030 ||| FLEEEEING.
 23031 | D:12     | 23031 ||| FLEEEEING.
 23032 | D:12     | 23032 ||| FLEEEEING.
 23033 | D:12     | 23033 ||| FLEEEEING.
 23034 | D:12     | 23034 ||| INVOKING Trog's Hand.
 23044 | D:12     | 23044 ||| FLEEEEING.
 23045 | D:12     | 23045 ||| FLEEEEING.
 23046 | D:12     | 23046 ||| FLEEEEING.
 23047 | D:12     | Paralysed by a floating eye for 4 turns
 23056 | D:12     | 23056 ||| FLEEEEING.
 23112 | D:12     | 23112 ||| Stepping ~*~*~tactically~*~*~ (stealth).
 23159 | D:12     | 23159 ||| Stepping ~*~*~tactically~*~*~ (stealth).
 23232 | D:12     | 23232 ||| READING 8 scrolls of identify.
 23232 | D:12     | 23232 ||| IDENTIFYING sedimented emerald potion
 23248 | D:12     | Identified the +0 leather armour of Fiovibbuel {rN+ MP-9
                  | Dex+4}
 23334 | D:12     | 23334 ||| Stepping ~*~*~tactically~*~*~ (stealth).
 23336 | D:12     | 23336 ||| Stepping ~*~*~tactically~*~*~ (hiding).
 23344 | D:12     | 23344 ||| INVOKING Trog's Hand.
 23345 | D:12     | 23345 ||| INVOKING Berserk.
 23500 | D:12     | Found Qiggae's Book Shop.
 23914 | D:13     | Noticed Urug
 23915 | D:13     | 23915 ||| INVOKING Brothers in Arms.
 23916 | D:13     | 23916 ||| INVOKING Brothers in Arms.
 23917 | D:13     | 23917 ||| INVOKING Brothers in Arms.
 23918 | D:13     | 23918 ||| INVOKING Berserk.
 23922 | D:13     | Killed Urug
 24005 | D:13     | 24005 ||| FLEEEEING.
 24150 | D:13     | Noticed Erolcha
 24151 | D:13     | 24151 ||| Stepping ~*~*~tactically~*~*~ (hiding).
 24154 | D:13     | 24154 ||| Stepping ~*~*~tactically~*~*~ (hiding).
 24155 | D:13     | 24155 ||| INVOKING Trog's Hand.
 24159 | D:13     | 24159 ||| Stepping ~*~*~tactically~*~*~ (hiding).
 24160 | D:13     | 24160 ||| Stepping ~*~*~tactically~*~*~ (hiding).
 24163 | D:13     | 24163 ||| INVOKING Berserk.
 24168 | D:13     | Killed Erolcha
 24557 | D:13     | 24557 ||| INVOKING Trog's Hand.
 24614 | D:13     | Found a gate to the Vaults.
 24615 | D:13     | 24615 ||| INVOKING Trog's Hand.
 24995 | D:13     | Noticed Azrael
 24996 | D:13     | 24996 ||| Stepping ~*~*~tactically~*~*~ (hiding).
 25000 | D:13     | 25000 ||| INVOKING Berserk.
 25006 | D:13     | Killed Azrael
 25168 | D:13     | 25168 ||| INVOKING Berserk.
 25539 | D:13     | 25539 ||| READING scroll labelled ERPHEE REHY.
 25574 | D:14     | 25574 ||| Stepping ~*~*~tactically~*~*~ (stealth).
 25579 | D:14     | 25579 ||| INVOKING Berserk.
 25733 | D:14     | 25733 ||| FLEEEEING.
 25734 | D:14     | 25734 ||| FLEEEEING.
 25735 | D:14     | 25735 ||| FLEEEEING.
 25736 | D:14     | 25736 ||| FLEEEEING.
 25737 | D:14     | 25737 ||| FLEEEEING.
 25738 | D:14     | 25738 ||| FLEEEEING.
 25739 | D:14     | 25739 ||| FLEEEEING.
 25740 | D:14     | 25740 ||| FLEEEEING.
 25741 | D:14     | 25741 ||| STAIRDANCE
 26002 | D:14     | Found a bloodstained altar of Trog.
 26009 | D:14     | 26009 ||| INVOKING Berserk.
 26057 | D:14     | 26057 ||| Stepping ~*~*~tactically~*~*~ (hiding).
 26085 | D:14     | Identified the +1 battleaxe of Rytoq {flame, Dex+5}
 26130 | D:14     | Noticed Frances
 26133 | D:14     | 26133 ||| INVOKING Berserk.
 26140 | D:14     | Killed Frances
 26141 | D:14     | Reached skill level 18 in Fighting
 26321 | D:14     | 26321 ||| Stepping ~*~*~tactically~*~*~ (hiding).
 26449 | D:14     | 26449 ||| Stepping ~*~*~tactically~*~*~ (hiding).
 26451 | D:14     | 26451 ||| Stepping ~*~*~tactically~*~*~ (hiding).
 26575 | D:14     | Reached XP level 15. HP: 123/149 MP: 14/14
 26697 | D:14     | 26697 ||| INVOKING Berserk.
 26841 | D:14     | 26841 ||| INVOKING Berserk.
 27337 | D:14     | 27337 ||| Stepping ~*~*~tactically~*~*~ (hiding).
 27501 | D:14     | Found a faded altar of an unknown god.
 27501 | D:14     | Found a faded altar of an unknown god.
 27504 | D:14     | Found a faded altar of an unknown god.
 27504 | D:14     | Found a hazy altar of Hepliaklqana.
 27796 | D:14     | 27796 ||| UPGRADING to +0 buckler.
 27801 | D:14     | 27801 ||| UPGRADING to +0 kite shield.
 27811 | D:14     | 27811 ||| DROPPING +0 buckler.
 27812 | D:14     | 27812 ||| UPGRADING to +0 tower shield.
 27822 | D:14     | 27822 ||| DROPPING +0 kite shield.
 27852 | D:15     | Entered Level 15 of the Dungeon
 27907 | D:15     | 27907 ||| Stepping ~*~*~tactically~*~*~ (hiding).
 28006 | D:15     | 28006 ||| Stepping ~*~*~tactically~*~*~ (hiding).
 28007 | D:15     | 28007 ||| Stepping ~*~*~tactically~*~*~ (hiding).
 28008 | D:15     | 28008 ||| Stepping ~*~*~tactically~*~*~ (hiding).
 28014 | D:15     | Reached skill level 1 in Shields
 28129 | D:15     | 28129 ||| Stepping ~*~*~tactically~*~*~ (cloud).
 28331 | D:15     | 28331 ||| FLEEEEING.
 28332 | D:15     | 28332 ||| FLEEEEING.
 28333 | D:15     | 28333 ||| FLEEEEING.
 28334 | D:15     | 28334 ||| FLEEEEING.
 28335 | D:15     | 28335 ||| FLEEEEING.
 28336 | D:15     | 28336 ||| FLEEEEING.
 28337 | D:15     | 28337 ||| FLEEEEING.
 28352 | D:15     | 28352 ||| FLEEEEING.
 28353 | D:15     | 28353 ||| FLEEEEING.
 28354 | D:15     | 28354 ||| FLEEEEING.
 28355 | D:15     | 28355 ||| FLEEEEING.
 28356 | D:15     | 28356 ||| FLEEEEING.
 28361 | D:15     | 28361 ||| STAIRDANCE
 28504 | D:15     | Reached skill level 3 in Shields
 28858 | D:15     | 28858 ||| SWAPPING to +0 hand axe of flaming.
 28867 | D:15     | 28867 ||| SWAPPING to +2 vorpal broad axe.
 29216 | D:15     | 29216 ||| Stepping ~*~*~tactically~*~*~ (stealth).
 29225 | D:15     | 29225 ||| INVOKING Trog's Hand.
 29234 | D:15     | 29234 ||| Stepping ~*~*~tactically~*~*~ (stealth).
 29236 | D:15     | 29236 ||| Stepping ~*~*~tactically~*~*~ (hiding).
 29239 | D:15     | 29239 ||| INVOKING Berserk.
 29248 | D:15     | 29248 ||| Stepping ~*~*~tactically~*~*~ (stealth).
 29252 | D:15     | 29252 ||| Stepping ~*~*~tactically~*~*~ (stealth).
 29256 | D:15     | 29256 ||| Stepping ~*~*~tactically~*~*~ (hiding).
 29258 | D:15     | 29258 ||| Stepping ~*~*~tactically~*~*~ (hiding).
 29276 | D:15     | 29276 ||| FLEEEEING.
 29378 | D:15     | Found an ancient bone altar of Kikubaaqudgha.
 29477 | D:15     | 29477 ||| Stepping ~*~*~tactically~*~*~ (stealth).
 29479 | D:15     | 29479 ||| Stepping ~*~*~tactically~*~*~ (hiding).
 29500 | D:15     | Reached skill level 6 in Shields
 29755 | D:15     | Found a staircase to the Depths.
 29796 | D:15     | 29796 ||| PLANNING ORC
 29796 | D:15     | 29796 ||| UPGRADING to amulet of guardian spirit.
 30003 | Orc:1    | Entered Level 1 of the Orcish Mines
 30076 | Orc:1    | 30076 ||| Stepping ~*~*~tactically~*~*~ (stealth).
 30078 | Orc:1    | 30078 ||| Stepping ~*~*~tactically~*~*~ (hiding).
 30123 | Orc:1    | Found a transporter.
 30135 | Orc:1    | 30135 ||| Stepping ~*~*~tactically~*~*~ (stealth).
 30176 | Orc:1    | Noticed tatocazan's ghost (journeyman MiFi)
 30191 | Orc:1    | Found a transporter.
 30216 | Orc:1    | Found Feili's General Store.
 30245 | Orc:1    | Found Qemiruenk's Specific Store.
 30251 | Orc:1    | 30251 ||| BUYING potion of curing (36 gold).
 30251 | Orc:1    | Bought a potion of curing for 36 gold pieces
 30251 | Orc:1    | 30251 ||| BUYING scroll of identify (24 gold).
 30251 | Orc:1    | Bought a scroll of identify for 24 gold pieces
 30255 | Orc:1    | 30255 ||| BUYING potion of curing (45 gold).
 30255 | Orc:1    | Bought a potion of curing for 45 gold pieces
 30293 | Orc:1    | 30293 ||| INVOKING Trog's Hand.
 30294 | Orc:1    | Noticed an orc warlord
 30295 | Orc:1    | 30295 ||| INVOKING Brothers in Arms.
 30296 | Orc:1    | 30296 ||| INVOKING Brothers in Arms.
 30297 | Orc:1    | 30297 ||| INVOKING Berserk.
 30299 | Orc:1    | Noticed Gastronok
 30306 | Orc:1    | HP: 36/216 [Gastronok/the air (23)]
 30308 | Orc:1    | HP: 15/217 [poisoned by an orc warrior]
 30308 | Orc:1    | HP: 3/217 [orc warrior/bolt (7)]
 30309 | Orc:1    | Succumbed to an orc warrior's poison

Levels and vault maps discovered:
D:1:      dpeg_arrival_caged_fury, layout_rooms,
          hellmonk_ecumenical_altar_defaced_shrine, serial_shops, shop,
          due_unseen_surprise
D:2:      layout_rooms
D:3:      layout_loops_cross, grunt_nemelex_the_gamble, uniq_grinder
D:4:      layout_basic, mainiacjoe_overflow_alcove_3, minmay_temple_entry_hall,
          uniq_menkaure, uniq_duvessa, uniq_eustachio
D:5:      dreamdust_elfheim, layout_cave_pools, yredelemnul_altar_generic,
          portal_sewer_entry_a, kennysheep_potato
D:6:      layout_cave_pools, mainiacjoe_overflow_alcove_2
D:7:      corexii_shack_village, layout_cave_pools, nicolae_hexahallways
D:8:      layout_cave_pools, minmay_fractal_squares_gapless_5
D:9:      layout_long_grid, mainiacjoe_overflow_boulevard,
          grunt_lair_entry_orc_guard_hut, uniq_grum, uniq_maggie
D:10:     minmay_diamond_stairs, layout_loops_ring, hiddenorc1_lemuel,
          nicolae_water_bricks
D:11:     layout_big_octagon, serial_co_window_serial, co_window_paths_a,
          co_window_corner_a, co_window_corner_a, co_window_paths_b,
          co_window_of_opportunity_a, co_window_unsneaky_path_d,
          co_window_corner_b, co_window_broadway_b, co_window_4corner_a,
          co_window_paths_e, glass_columns_b, glass_columns_c, glass_columns_a,
          glass_columns_c
D:12:     cheibrodos_hippocracy, layout_long_grid, serial_shops,
          kennysheep_mini, uniq_kirke
D:13:     layout_roguey, grunt_vaults_entry_tiered, uniq_azrael, uniq_erolcha,
          uniq_urug
D:14:     layout_layer_cave, nicolae_hepliaklqana_ecumenical_no_more,
          hangedman_abyss_or_decor_clamps, trog_ov_bears_minmay, uniq_frances
D:15:     grunt_enter_depths_magical_seal, layout_stronghold,
          serial_co_window_serial, co_window_paths_b,
          co_window_of_opportunity_a, co_window_corner_a, co_window_paths_b,
          co_window_paths_b, co_window_corner_a, co_window_paths_b,
          co_window_of_opportunity_a, co_window_corner_a, co_window_corner_b,
          co_window_paths_c, co_window_of_opportunity_b, co_window_sun,
          co_window_4corner_a, glass_columns_a, kiku_gazebo_pond_becter
Lair:1:   layout_small_grid, portal_ice_cave_demonic_guard,
          chequers_serial_rivers_room_b
Lair:2:   layout_cave_pods, guppyfry_snake_entry_island, basic_altar,
          gammafunk_ghost_cemetery
Lair:3:   layout_cellular_growth, elwin_shoals_entry_rooms,
          serial_bayou_shore_a, grunt_megastairs_5, lemuel_fruit_fields,
          serial_bayou_shore_b
Lair:4:   layout_cave_pods, infiniplex_staircase_pool
Lair:5:   gammafunk_lair_ancient_temple, layout_regular_city, slime_entry_1
Orc:1:    layout_caves, gammafunk_ghost_berserking_beasts,
          nicolae_specific_store, guppyfry_orc_lava_fort, uniq_gastronok

Skill      XL: |  1  2  3  4  5  6  7  8  9 10 11 12 13 14 15 |
---------------+----------------------------------------------+-----
Axes           | 4 5 6 7 8 10 12 14 16 18 | 18.0
Fighting       | 4 5 6 8 9 10 13 16 18 | 18.0
Armour         | 4 6 8 10 12 14 16 | 16.9
Throwing       | 3 4 6 8 |  8.0
Dodging        | 3 5 6 7 |  7.0
Shields        | 7 |  7.3

Action                   |  1- 3 |  4- 6 |  7- 9 | 10-12 | 13-15 || total
-------------------------+-------+-------+-------+-------+-------++-------
Melee: Hand axe          |    80 |    73 |     5 |       |    11 ||   169
       Headbutt          |    10 |     9 |    29 |    66 |   159 ||   273
       War axe           |       |       |   221 |   106 |       ||   327
       Broad axe         |       |       |       |   263 |   687 ||   950
       Flail             |       |       |       |    13 |       ||    13
       Punch             |       |       |       |     3 |     5 ||     8
Throw: Javelin           |       |       |    26 |    52 |    62 ||   140
       Boomerang         |       |       |     2 |    16 |    25 ||    43
Invok: Berserk           |     2 |     6 |    10 |    22 |    22 ||    62
       Brothers in Arms  |       |       |       |     3 |     3 ||     6
       Trog's Hand       |       |       |       |       |     9 ||     9
  Use: Scroll            |     3 |     9 |     7 |     4 |     6 ||    29
       Potion            |     1 |     3 |     2 |     1 |     1 ||     8
 Stab: Distracted        |       |       |       |     2 |       ||     2
Armor: Animal skin       |    14 |     1 |       |       |       ||    15
       Ring mail         |       |    11 |       |       |       ||    11
       Chain mail        |       |    13 |    97 |    20 |       ||   130
       Plate armour      |       |       |       |   126 |   357 ||   483
Dodge: Dodged            |    47 |    41 |    59 |   120 |   254 ||   521
Block: Tower shield      |       |       |       |       |    67 ||    67

Table legend:
 A = Non-vault XP
 B = Vault XP
 C = Vault XP percentage of total XP
 D = Non-vault monster count
 E = Vault monster count
 F = Vault count percentage of total count
                 A         B        C        D         E       F
            +---------+---------+-------+---------+---------+-------
      Total |   79408 |   44467 |  35.9 |     387 |     191 |  33.0
            +---------+---------+-------+---------+---------+-------
        D:1 |      31 |      10 |  24.4 |      17 |       4 |  19.0
        D:2 |     117 |       0 |   0.0 |      21 |       0 |   0.0
        D:3 |     110 |     286 |  72.2 |      12 |       1 |   7.7
        D:4 |     323 |     574 |  64.0 |      22 |       4 |  15.4
        D:5 |     610 |     325 |  34.8 |      17 |       7 |  29.2
        D:6 |     768 |       0 |   0.0 |      12 |       0 |   0.0
        D:7 |    1940 |      27 |   1.4 |      14 |      15 |  51.7
        D:8 |    1899 |     517 |  21.4 |      23 |       4 |  14.8
        D:9 |    1584 |    1465 |  48.0 |      23 |      10 |  30.3
       D:10 |    2039 |    3934 |  65.9 |      11 |      23 |  67.6
       D:11 |    5331 |       0 |   0.0 |      26 |       0 |   0.0
       D:12 |    5980 |    6883 |  53.5 |      25 |      19 |  43.2
       D:13 |    4961 |   11952 |  70.7 |       9 |      36 |  80.0
       D:14 |   12798 |    1956 |  13.3 |      24 |       3 |  11.1
       D:15 |    6040 |    4380 |  42.0 |      11 |      10 |  47.6
     Lair:1 |    3437 |     692 |  16.8 |      12 |       2 |  14.3
     Lair:2 |    5905 |     320 |   5.1 |      19 |       2 |   9.5
     Lair:3 |    6983 |    3857 |  35.6 |      20 |       8 |  28.6
     Lair:4 |    2476 |       0 |   0.0 |      10 |       0 |   0.0
     Lair:5 |   13009 |    6979 |  34.9 |      32 |      17 |  34.7
      Orc:1 |    3067 |     165 |   5.1 |      27 |       1 |   3.6
      Sewer |       0 |     145 | 100.0 |       0 |      25 | 100.0
            +---------+---------+-------+---------+---------+-------
